 Dungeon Crawl Stone Soup version 0.32-a0-921-g04a7ad8e02 (webtiles) character file.

Game seed: 6366658373347649951

35 Autsider the Shield-Bearer (level 3, 0/30 HPs)
             Began as a Formicid Fighter on Apr 11, 2024.
             Slain by a jelly (3 damage)
             ... on level 3 of the Dungeon.
             The game lasted 00:03:00 (2115 turns).

Autsider the Shield-Bearer (Formicid Fighter)       Turns: 2115, Time: 00:03:01

Health: 0/30       AC:  3    Str: 22    XL:     3   Next: 52%
Magic:  3/3        EV:  5    Int:  7    God:
Gold:   99         SH:  4    Dex: 13    Spells: 2/2 levels left

rFire   . . .        a - +0 war axe
rCold   . . .        c - +0 buckler
rNeg    . . .        e - +0 plate armour
rPois   .            (helmet unavailable)
rElec   .            (no cloak)
rCorr   .            (no gloves)
SInv    +            (no boots)
Will    .....        (no amulet) Stlth
                     (no ring)
HPRegen 0.25/turn    (no ring)
MPRegen 0.08/turn

%: no passive effects
@: mighty, corroded
A: permanent stasis, dig shafts and tunnels, antennae 3, four strong arms
a: Dig, Shaft Self


You were on level 3 of the Dungeon.
You visited 1 branch of the dungeon, and saw 3 of its levels.

You collected 99 gold pieces.

Inventory:

Hand Weapons
 a - a +0 war axe (weapon)
Missiles
 h - 4 boomerangs
 k - 4 darts of dispersal
Armour
 b - a +0 scale mail
 c - a +0 buckler (worn)
 e - a +0 plate armour (worn)
 l - a +1 leather armour of willpower
Jewellery
 g - an amulet of faith
Scrolls
 i - a scroll of identify {unknown}
 j - 2 scrolls of enchant weapon {unknown}
 n - a scroll of immolation {unknown}
 o - a scroll of fear {unknown}
 p - a scroll of acquirement {unknown}
 q - 2 scrolls of enchant armour {unknown}
 r - a scroll of teleportation {unknown}
Potions
 f - 2 potions of haste
 m - 2 potions of heal wounds {unknown}


   Skills:
 + Level 3.8 Fighting
 * Level 3.2 Axes
 - Level 3.2 Armour
 - Level 4.0 Shields


You had 2 spell levels left.
You didn't know any spells.
Your spell library was empty.

Dungeon Overview and Level Annotations

Branches:
Dungeon (3/15)

Altars:

Shops:
D:1 [


Innate Abilities, Weirdness & Mutations

You cannot be hasted, slowed, berserked, paralysed or teleported.
You can dig through walls and to a lower floor.
You have a pair of large antennae on your head. (SInv)
Your four strong arms can wield two-handed weapons with a shield.


Message History

An orc wizard comes into view. It is wielding a +0 dagger.
An orc comes into view. It is wielding a +0 club.
The jelly hits you. The acid corrodes you!
You are splashed with acid!
* * * LOW HITPOINT WARNING * * *
The orc wizard moves out of view.
Unknown command.
The adder hisses angrily.
You hear a shout!
You block the jelly's attack. The jelly attacks as it pursues you!
The jelly hits you but does no damage. The jelly attacks as it pursues you!
The jelly hits you but does no damage. The jelly attacks as it pursues you!
The jelly hits you but does no damage. The jelly attacks as it pursues you!
The jelly hits you but does no damage.
You barely miss the jelly.
The jelly is lightly wounded.
The jelly barely misses you.
You hit the jelly. The acid corrodes you!
Your hands burn!
* * * LOW HITPOINT WARNING * * *
The jelly is moderately wounded.
The jelly hits you but does no damage. The jelly attacks as it pursues you!
You block the jelly's attack.
You hit the jelly.
Your hands burn!
* * * LOW HITPOINT WARNING * * *
The jelly is heavily wounded.
The orc wizard casts a spell.
The orc wizard flickers and vanishes for a moment.
The jelly closely misses you. The jelly hits you but does no damage.
You hit the jelly.
Your hands burn!
* * * LOW HITPOINT WARNING * * *
The jelly is severely wounded.
The jelly hits you.
* * * LOW HITPOINT WARNING * * *
You are splashed with acid.
* * * LOW HITPOINT WARNING * * *
You feel very mighty all of a sudden. The jelly hits you but does no damage.
It was a potion of haste.
Your stasis prevents you from being hasted.
The jelly barely misses you. The jelly attacks as it pursues you!
The jelly hits you.
You die...

....o #.....#.#.#... .S.{,,
#......<..#... # ...
#.#########... #. ...
#............. ##.##.## {
.############.. ......{ {
{.............>. ...#..#####
.......##..#..#
###.......########.......##.##..#
#.....#....ooo.J@...........##...
..#+#......o#############.####.##
. ##.##......................#
#...##.#############.######
###..#.# ..# { { ##.#.# .## { {{
.#.# .. { {{ { #.# .. #.# ...


You could see a jelly, an orc wizard (invisible) and 3 orcs.

Vanquished Creatures
  A dart slug (D:2)
  4 endoplasms
  A giant cockroach (D:2)
  2 goblins (D:2)
  3 hobgoblins
  4 jackals (D:1)
  2 quokkas (D:1)
  4 ball pythons
  4 bats
  2 frilled lizards (D:1)
  A kobold (D:2)
  2 rats
30 creatures vanquished.

Notes
Turn   | Place    | Note
-------+----------+-------------------------------------------
     0 | D:1      | Autsider the Formicid Fighter began the quest for the Orb.
     0 | D:1      | Reached XP level 1. HP: 18/18 MP: 1/1
   242 | D:1      | Reached XP level 2. HP: 21/24 MP: 2/2
   387 | D:1      | Found Faif's Antique Armour Shoppe.
   520 | D:2      | Reached XP level 3. HP: 30/30 MP: 3/3
  1497 | D:1      | Found a faded altar of an unknown god.
  2115 | D:3      | Slain by a jelly

Illustrated notes

Levels and vault maps discovered:
D:1:      heliophobic_arrival_henge, layout_basic, shapermc_ecumenical_altar_gd,
          serial_shops, nicolae_shop_dealshenge
D:2:      layout_basic
D:3:      cheibrodos_greedy_goblins, layout_basic, chei_slow_surprise,
          nicolae_overflow_hallway_of_the_gods, bloody_makhleb

Skill      XL: |  1  2  3 |
---------------+----------+-----
Axes           | 3 |  3.2
Fighting       | |  3.8
Armour         | |  3.2
Shields        | |  4.0

Action                     || total
---------------------------++-------
  Melee: War axe           ||   102
    Use: Potion            ||     2
 Armour: Scale mail        ||    10
         Plate armour      ||    79
  Dodge: Dodged            ||    29
  Block: Buckler           ||    25

Table legend: (Time is in decaauts)
 A = Elapsed time spent in this place.
 B = Non-inter-level travel time spent in this place.
 C = Inter-level travel time spent in this place.
 D = Time resting spent in this place.
 E = Time spent auto-exploring this place.
 F = Levels seen in this place.
 G = Mean time per level.
                   A        B        C        D        E       F      G
               +--------+--------+--------+--------+--------+-----+--------+
         Total |   2155 |   1900 |    255 |      0 |   1573 |   3 |  718.3 |
       Dungeon |   2155 |   1900 |    255 |      0 |   1573 |   3 |  718.3 |
               +--------+--------+--------+--------+--------+-----+--------+

Top non-repeatable levels by time:
     D:1: 1116 daAuts
     D:2: 938 daAuts
     D:3: 101 daAuts
